 Dungeon Crawl Stone Soup version 0.30.1-11-g7821555f0a (webtiles) character file.

Game seed: 9671312996694912384

3938 comborobin the Cleaver (level 10, -3/91 HPs)
             Began as a Minotaur Delver on Nov 19, 2023.
             Was a Believer of Trog.
             Slain by a centaur warrior
             ... wielding a staff of air
              (8 damage)
             ... on level 8 of the Dungeon.
             The game lasted 00:08:29 (6256 turns).

comborobin the Cleaver (Minotaur Delver)            Turns: 6256, Time: 00:08:30

Health: -3/91      AC: 16    Str: 20    XL:     10   Next: 1%
Magic:  9/9        EV:  7    Int:  7    God:    Trog [**....]
Gold:   409        SH:  0    Dex: 13    Spells: 9/9 levels left

rFire   . . .        s - +0 broad axe
rCold   . . .        (no shield)
rNeg    . . .        B - +0 plate armour
rPois   .            (helmet restricted)
rElec   .            (no cloak)
rCorr   +            x - +0 pair of gloves
SInv    .            E - +0 pair of boots
Will    ++...        (no amulet) Stlth
                     m - ring of resist corrosion
HPRegen 1.35/turn    (no ring)
MPRegen 0.11/turn

%: no passive effects
@: strong-willed, on berserk cooldown, regenerating
A: horns 2, retaliatory headbutt, claws 1
a: Renounce Religion, Berserk, Trog's Hand


You were on level 8 of the Dungeon.
You worshipped Trog.
Trog was pleased with you.
You visited 2 branches of the dungeon, and saw 9 of its levels.
You also visited: Sewer.

You collected 409 gold pieces.

Inventory:

Hand Weapons
 a - a +1 war axe
 e - a +2 dagger of protection
 f - a +0 flail
 i - a +0 hand axe of protection
 s - a +0 broad axe (weapon)
Missiles
 h - 12 poisoned darts (quivered)
 t - 3 datura-tipped darts
Armour
 b - a +0 leather armour
 o - a +1 troll leather armour {Pargi}
 u - a +0 chain mail
 x - a +0 pair of gloves (worn)
 y - a +0 leather armour of cold resistance
 B - a +0 plate armour (worn)
 E - a +0 pair of boots (worn)
Jewellery
 m - a ring of resist corrosion (left hand)
Wands
 d - a wand of flame (21)
 g - a wand of digging (3)
 q - a wand of acid (5)
 D - a wand of mindburst (12)
Scrolls
 c - 3 scrolls of fog
 l - 4 scrolls of magic mapping
 p - 11 scrolls of identify
 F - a scroll of fear
Potions
 j - a potion of mutation
 k - 3 potions of attraction
 n - a potion of curing
 r - a potion of flight {unknown}
 v - a potion of ambrosia {unknown}
 w - a potion of experience {unknown}
 z - a potion of haste
 A - a potion of berserk rage {unknown}
 C - a potion of lignification


   Skills:
 + Level 9.4 Fighting
 * Level 12.4 Axes
 + Level 8.1 Armour
 - Level 3.1 Dodging
 - Level 4.1 Stealth


You had 9 spell levels left.
You didn't know any spells.
Your spell library contained the following spells:

 Spells                   Type           Power      Damage    Failure   Level
 Slow                     Hex            0%         N/A       100%        1
 Confusing Touch          Hex            0%         N/A       100%        3
 Vampiric Draining        Necr           0%         2d6       100%        3
 Passage of Golubria      Tloc           0%         N/A       100%        4
 Silence                  Hex/Air        0%         N/A       100%        5
 Lehudib's Crystal Spear  Conj/Erth      0%         10d2      100%        8


Dungeon Overview and Level Annotations

Branches:
Dungeon (8/15)             Temple (1/1) D:4           Sewer (visited)
   Lair: D:8-11

Altars:
Ashenzari
Cheibriados
Dithmenos
Elyvilon
Fedhas
Gozag
Hepliaklqana
Kikubaaqudgha
Makhleb
Nemelex Xobeh
Okawaru
Qazlal
Ru
Trog
Uskayaw
Vehumet
Xom
Zin
The Shining One

Shops:
D:2 *   D:5 *


Innate Abilities, Weirdness & Mutations

You have a pair of horns on your head.
You reflexively headbutt those who attack you in melee.
You have sharp fingernails.


Message History

Unknown command.
Aiming: Corrosive Bolt
Press: ? - help, Shift-Dir - straight line, f/p - gnoll
Aim: a gnoll, wielding a +0 whip (almost dead, covered in acid, 75% to hit)
The bolt of acid hits the gnoll!
You kill the gnoll!
Trog accepts your kill.
Unknown command.
A basilisk comes into view.
A basilisk is nearby!
A sky beast comes into view.
You start resting.
A centaur warrior comes into view. It is wielding a staff of air.
Okay, then.
You hit the centaur warrior.
The centaur warrior is lightly wounded.
The centaur warrior hits you with a staff of air!
* * * LOW HITPOINT WARNING * * *
You are electrocuted!
* * * LOW HITPOINT WARNING * * *
The centaur warrior closely misses you.
The centaur warrior hits you with a staff of air!
* * * LOW HITPOINT WARNING * * *
The centaur warrior kicks you but does no damage.
You feel better.
You hear the faint creaking of a distant portcullis.
You feel yourself speed up.
The centaur warrior closely misses you. x2
The centaur warrior barely misses you.
The centaur warrior kicks you but does no damage.
Your skin crawls.
You feel strong-willed.
The centaur warrior hits you but does no damage.
You are electrocuted.
* * * LOW HITPOINT WARNING * * *
The centaur warrior kicks you.
* * * LOW HITPOINT WARNING * * *
The centaur warrior hits you but does no damage.
You are electrocuted!
You die...

##............#
##..###.###....#
##..##.....##...#
#..##.#####.
#..... #.##.
.####.# #.#.# .
..# ##.#.# ..
#....# ##..#@#
#...#c# #..?##.
#....##.
##....##.
##..)..###
#......# #....†Y#
##.........#


You could see a centaur warrior.

Vanquished Creatures
  2 two-headed ogres
  4 steam dragons
  3 water moccasins
  An orc warrior (D:7)
  Pargi (Sewer)
  A black bear (D:6)
  An ice beast (D:8)
  A sky beast (D:7)
  An ogre (D:7)
  3 phantoms (D:5)
  2 kobold brigands (D:6)
  A bullfrog (D:8)
  2 scorpions
  6 electric eels (D:6)
  A howler monkey (D:6)
  2 orc priests (D:6)
  2 hounds
  2 iguanas
  17 gnolls
  8 adders
  A shadow imp (D:8)
  2 white imps
  An ufetubus (D:7)
  3 worms
  3 dart slugs
  14 orcs
  An endoplasm (D:3)
  2 giant cockroaches (D:1)
  4 goblins
  10 hobgoblins
  2 jackals (D:4)
  19 kobolds
  3 quokkas
  12 ball pythons
  2 bats
  8 frilled lizards
  6 rats
154 creatures vanquished.

Vanquished Creatures (collateral kills)
  A gnoll bouda (D:5)
  A gnoll (D:5)
2 creatures vanquished.

Vanquished Creatures (others)
  A gnoll (D:5)
1 creature vanquished.

Grand Total: 157 creatures vanquished

Notes
Turn   | Place    | Note
-------+----------+-------------------------------------------
     0 | D:5      | comborobin the Minotaur Delver began the quest for the Orb.
     0 | D:5      | Reached XP level 1. HP: 19/19 MP: 0/0
    22 | D:6      | Noticed an orc priest
   100 | D:5      | Noticed a scorpion
   170 | D:5      | Noticed a gnoll bouda
   176 | D:5      | Found Zin's Purification Station.
   177 | D:5      | Found a glowing silver altar of Zin.
   190 | D:4      | Noticed an iguana
   319 | D:3      | Reached XP level 2. HP: 27/27 MP: 1/1
   388 | D:3      | Reached skill level 3 in Axes
   427 | D:3      | Found a glowing drain.
   432 | D:3      | Reached skill level 1 in Armour
   440 | Sewer    | Entered a sewer
   562 | Sewer    | Noticed Pargi
   595 | Sewer    | Killed Pargi
   596 | Sewer    | Reached skill level 4 in Axes
   596 | Sewer    | Reached XP level 3. HP: 16/34 MP: 2/2
   596 | Sewer    | Reached XP level 4. HP: 19/41 MP: 3/3
   731 | D:3      | Reached XP level 5. HP: 31/47 MP: 4/4
   793 | D:3      | Reached skill level 5 in Axes
  1513 | D:4      | Reached skill level 5 in Fighting
  1516 | D:4      | Reached XP level 6. HP: 48/56 MP: 5/5
  1616 | D:4      | Found a staircase to the Ecumenical Temple.
  1727 | Temple   | Entered the Ecumenical Temple
  1932 | Temple   | Became a worshipper of Trog the Wrathful
  2073 | D:4      | Reached skill level 6 in Axes
  2157 | D:2      | Found Neodghot's Assorted Antiques.
  2527 | D:1      | Reached * piety under Trog
  3422 | D:5      | Gained mutation: You have sharp fingernails. [potion of
                  | mutation]
  3546 | D:5      | Found a radiant altar of Vehumet.
  3685 | D:5      | Reached XP level 7. HP: 62/62 MP: 6/6
  3757 | D:5      | Reached skill level 7 in Axes
  3830 | D:5      | HP: 3/63 [poisoned by a water moccasin]
  4214 | D:6      | Reached skill level 8 in Axes
  4287 | D:6      | Reached XP level 8. HP: 65/71 MP: 7/7
  4319 | D:6      | Reached ** piety under Trog
  4575 | D:6      | Reached skill level 5 in Armour
  4716 | D:6      | Reached skill level 9 in Axes
  4903 | D:6      | Noticed a two-headed ogre
  4915 | D:6      | Killed a two-headed ogre
  4916 | D:6      | Reached skill level 10 in Axes
  4916 | D:6      | Reached XP level 9. HP: 50/81 MP: 8/8
  5242 | D:7      | Found an ancient bone altar of Kikubaaqudgha.
  5242 | D:7      | Found a shadowy altar of Dithmenos.
  5242 | D:7      | Found a sacrificial altar of Ru.
  5243 | D:7      | Found a blossoming altar of Fedhas.
  5245 | D:7      | Found a stormy altar of Qazlal.
  5245 | D:7      | Found a shimmering altar of Xom.
  5246 | D:7      | Found a snail-covered altar of Cheibriados.
  5414 | D:7      | Reached skill level 11 in Axes
  6207 | D:8      | Noticed a two-headed ogre
  6221 | D:8      | Killed a two-headed ogre
  6222 | D:8      | Reached skill level 12 in Axes
  6222 | D:8      | Reached XP level 10. HP: 18/91 MP: 9/9
  6253 | D:8      | Noticed a centaur warrior
  6254 | D:8      | HP: 1/91 [centaur warrior/staff of air (10)]
  6256 | D:8      | Slain by a centaur warrior

Illustrated notes

Levels and vault maps discovered:
D:1:      roderic_crossed_star, layout_basic, minmay_tiny_reverse_x
D:2:      minmay_chambers_of_ones, layout_basic, serial_shops,
          nicolae_shop_tiny_real_fake_doors
D:3:      layout_rooms, portal_sewer_entry_d
D:4:      layout_loops_ring, temple_doors_e
D:5:      layout_cave_pods, zin_purify, fiery_altar_vehumet
D:6:      cheibrodos_two_vegetables, layout_basic
D:7:      layout_basic, grunt_temple_overflow_open
D:8:      minmay_the_grid_octo_tiled_octocenter [minmay_the_grid_octo_77,
          minmay_the_grid_octo_clover, minmay_the_grid_octo_concentric,
          minmay_the_grid_octo_chip, minmay_the_grid_octo_prize_star,
          minmay_the_grid_square_5x5_minibox,
          minmay_the_grid_square_5x5_half_checkered,
          minmay_the_grid_square_5x5_shrine2,
          minmay_the_grid_square_5x5_sharp_hourglass], layout_gridville,
          overflow_temple_1_default, enter_bailey_2, grunt_ministairs_13,
          st_stairs_4, nrook_mini_backslash, uniq_prince_ribbit1
Temple:   dpeg_chambers_temple

Skill      XL: |  1  2  3  4  5  6  7  8  9 |
---------------+----------------------------+-----
Axes           | 4 5 6 8 10 12 | 12.4
Armour         | 2 3 4 6 8 |  8.1
Fighting       | 4 5 6 8 9 |  9.4
Dodging        | 3 |  3.1
Stealth        | |  4.1

Action                     |  1- 3 |  4- 6 |  7- 9 | 10-12 || total
---------------------------+-------+-------+-------+-------++-------
  Melee: Dagger            |    59 |    16 |       |       ||    75
         Hand axe          |     7 |   172 |    51 |       ||   230
         Headbutt          |     3 |    42 |    37 |       ||    82
         Punch             |       |     2 |     2 |       ||     4
         War axe           |       |       |   110 |       ||   110
         Broad axe         |       |       |    27 |     1 ||    28
  Throw: Dart              |     3 |     3 |     5 |       ||    11
 Invoke: Berserk           |       |     1 |     1 |       ||     2
         Trog's Hand       |       |       |       |     1 ||     1
  Evoke: Wand              |       |       |    11 |     2 ||    13
    Use: Scroll            |     5 |     5 |     2 |       ||    12
         Potion            |     3 |     2 |     4 |     1 ||    10
   Stab: Sleeping          |     1 |    12 |     1 |       ||    14
         Distracted        |       |     2 |       |       ||     2
 Armour: Leather armour    |    40 |       |       |       ||    40
         Troll leather arm |       |    58 |    38 |       ||    96
         Skin              |       |     3 |       |       ||     3
         Plate armour      |       |       |    59 |     4 ||    63
  Dodge: Dodged            |    49 |   133 |   108 |     4 ||   294
